AoeStats
← kable.xpress

Arabia

508571093Analyzed
1v1 RM · 10d ago on Sep 23, 2026· 38m 40s· 2 players
Game mode
Random Map
Map size
Tiny (2 player)
Population
200
Speed
Normal
Resources
Standard
Victory
Conquest
Starting age
Dark Age
Ending age
Imperial Age
RankedLock teamsTeams togetherTeam positionsShared explorationLock speedFull tech treeHidden civsTurbo modeCheats
Victory
Defeat
🇦🇷 Ethiopians · Argentina
2156
+16
🇺🇸 Saracens · United States
2148
-16
JOJO ROAD ROLLER
6:23 Loom
6:46 Loom
9:42 Feudal Age
11:15 Double-Bit Axe
15:48 Fletching
19:18 Castle Age
17:37 Gold Mining
18:42 Padded Archer Armor
18:56 Horse Collar
19:19 Crossbowman
19:58 Bodkin Arrow
21:23 Ballistics
34:05 Wheelbarrow
34:08 Town Watch
33:55 Elite Skirmisher
34:41 Guard Tower
36:02 Leather Archer Armor
39:40 Imperial Age
kable.xpress
8:23 Loom
10:49 Feudal Age
11:18 Double-Bit Axe
13:57 Fletching
19:26 Castle Age
18:47 Gold Mining
19:12 Horse Collar
20:23 Bodkin Arrow
19:48 Crossbowman
24:54 Padded Archer Armor
28:20 Ballistics
29:29 Wheelbarrow
33:42 Imperial Age
32:52 Gold Shaft Mining
32:55 Thumb Ring
33:35 Leather Archer Armor
34:24 Bracer
35:43 Chemistry
35:10 Arbalester
38:21 Ring Archer Armor
Connection lost

Rejoining the realm…

Still unreachable

The connection could not be restored.

Session expired

The server has moved on; the page needs a fresh start.